 Dungeon Crawl Stone Soup version 0.28-a0-691-gad6df49e81 (webtiles) character file.

Game seed: 14026306983448723690

49 jsc133 the Slasher (level 3, -5/33 HPs)
             Began as a Minotaur Berserker on Oct 20, 2021.
             Was a Follower of the Shining One.
             Slain by a gnoll (7 damage)
             ... on level 2 of the Dungeon.
             The game lasted 00:06:08 (822 turns).

jsc133 the Slasher (Minotaur Berserker)              Turns: 822, Time: 00:06:08

Health: -5/33      AC:  2    Str: 22    XL:     3   Next: 53%
Magic:  2/2        EV: 12    Int:  4    God:    the Shining One [*.....]
Gold:   29         SH:  0    Dex:  9    Spells: 2/2 levels left

rFire   . . .      SeeInvis .   a - +0 falchion
rCold   . . .      Faith    .   (no shield)
rNeg    . . .      Spirit   .   b - +0 animal skin
rPois   .          Reflect  .   (helmet restricted)
rElec   .          Harm     .   (no cloak)
rCorr   .          Rampage  .   (no gloves)
Will    .....                   (no boots)
Stlth   +.........              (no amulet)
HPRegen 0.11/turn               (no ring)
MPRegen 0.08/turn               (no ring)

@: glowing
A: horns 2, retaliatory headbutt
a: Renounce Religion


You were on level 2 of the Dungeon.
You worshipped the Shining One.
The Shining One was aware of your devotion.
You visited 1 branch of the dungeon, and saw 2 of its levels.

You collected 29 gold pieces.

Inventory:

Hand Weapons
 a - a +0 falchion (weapon)
Armour
 b - a +0 animal skin (worn)
Scrolls
 c - 2 scrolls of teleportation
Potions
 e - a potion of invisibility {unknown}
 f - a potion of cancellation {unknown}


   Skills:
 + Level 4.1 Fighting
 * Level 4.4 Long Blades
 * Level 2.8 Armour
 * Level 2.5 Dodging
 * Level 0.2 Stealth
 * Level 0.4 Unarmed Combat
 * Level 0.2 Invocations


You had 2 spell levels left.
You didn't know any spells.
Your spell library was empty.

Dungeon Overview and Level Annotations

Branches:
Dungeon (1/15)

Altars:
The Shining One


Innate Abilities, Weirdness & Mutations

You have a pair of horns on your head.
You reflexively headbutt those who attack you in melee.


Message History

The gnoll hits you from afar with a +2 vampiric spear.
The gnoll hits you with a +0 club. The gnoll barely misses you.
You hit the gnoll but do no damage. You headbutt the gnoll.
The gnoll is almost dead.
The gnoll barely misses you. The gnoll hits you with a +0 club.
The gnoll barely misses you. You furiously retaliate!
You headbutt the gnoll, but do no damage.
The gnoll hits you from afar with a +2 vampiric spear.
The gnoll closely misses you. You furiously retaliate!
You headbutt the gnoll. You slash the gnoll!
You kill the gnoll!
The frilled lizard barely misses you. The gnoll closely misses you.
The gnoll hits you from afar with a +2 vampiric spear.
* * * LOW HITPOINT WARNING * * *
You slash the gnoll!
You kill the gnoll!
The frilled lizard misses you.
The ball python bites you but does no damage.
The ball python grabs you. The ball python constricts you.
The gnoll barely misses you. The frilled lizard bites you.
* * * LOW HITPOINT WARNING * * *
You hit the ball python.
The ball python is severely wounded.
The ball python misses you. You furiously retaliate!
You headbutt the ball python!
You kill the ball python!
The gnoll hits you from afar with a +2 vampiric spear.
* * * LOW HITPOINT WARNING * * *
The frilled lizard bites you. The Shining One protects you from harm!
The gnoll hits you from afar with a +2 vampiric spear!
The Shining One protects you from harm!
You see here 17 bolts.
You slash the frilled lizard!
You kill the frilled lizard!
The gnoll closely misses you. The gnoll closely misses you.
You furiously retaliate!
You headbutt the gnoll!
You see here a frilled lizard corpse.
The gnoll hits you with a +2 vampiric spear!
You die...

######## ##
#......# ...
#......# ....
#..(.†.######.....
#....@g##.........
#....(.'.>........
#....))######.....
#....)....# ...
#............ .
#.........##.
#####+#..## ..#
..#


You could see a gnoll.

Vanquished Creatures
  3 gnolls (D:2)
  3 ball pythons
  2 bats (D:1)
  2 endoplasms (D:1)
  A giant cockroach (D:2)
  2 goblins (D:1)
  2 hobgoblins (D:1)
  3 kobolds (D:1)
  3 frilled lizards
  A rat (D:1)
22 creatures vanquished.

Notes
Turn   | Place    | Note
-------+----------+-------------------------------------------
     0 | D:1      | jsc133 the Minotaur Berserker began the quest for the Orb.
     0 | D:1      | Reached XP level 1. HP: 19/19 MP: 0/0
   287 | D:1      | Reached XP level 2. HP: 19/27 MP: 1/1
   634 | D:1      | Found a faded altar of an unknown god.
   643 | D:1      | Prayed at the altar of an unknown god.
   643 | D:1      | Fell from the grace of Trog
   643 | D:1      | Became a worshipper of the Shining One
   643 | D:1      | Reached * piety under the Shining One
   794 | D:1      | You fall into a shaft and drop 1 floor!
   807 | D:2      | Reached XP level 3. HP: 29/33 MP: 2/2
   815 | D:2      | HP: 1/33 [gnoll (3)]
   815 | D:2      | The Shining One protects you from harm!
   816 | D:2      | The Shining One protects you from harm!
   822 | D:2      | Slain by a gnoll

Illustrated notes

Levels and vault maps discovered:
D:1:      eino_arrival_cavern_d, layout_loops_ring,
          ebering_ecumenical_altar_abandoned
D:2:      layout_basic, basic_altar, minmay_ruptured

Skill      XL: |  1  2 |
---------------+-------+-----
Fighting       | 4 |  4.1
Long Blades    | 4 |  4.4
Armour         | |  2.8
Dodging        | |  2.5
Stealth        | |  0.2
Unarmed Combat | |  0.4
Invocations    | |  0.2

Action                   || total
-------------------------++-------
Melee: Falchion          ||    46
       Headbutt          ||     4
  Use: Scroll            ||     3
Armor: Animal skin       ||     8
Dodge: Dodged            ||    49

Table legend: (Time is in decaauts)
 A = Elapsed time spent in this place.
 B = Non-inter-level travel time spent in this place.
 C = Inter-level travel time spent in this place.
 D = Time resting spent in this place.
 E = Time spent auto-exploring this place.
 F = Levels seen in this place.
 G = Mean time per level.
                   A        B        C        D        E       F      G
               +--------+--------+--------+--------+--------+-----+--------+
         Total |    826 |    826 |      0 |      0 |      0 |   2 |  413.0 |
       Dungeon |    826 |    826 |      0 |      0 |      0 |   2 |  413.0 |
               +--------+--------+--------+--------+--------+-----+--------+

Top non-repeatable levels by time:
     D:1: 797 daAuts
     D:2: 28 daAuts
